 Dungeon Crawl Stone Soup version 0.24.1-8-ga250c9d538 (webtiles) character file.

Game seed: 2848654992226028997, levelgen mode: deterministic

77 Hugehornet the Insei (level 4, -1/28 HPs)
             Began as an Octopode Transmuter on May 9, 2020.
             Slain by a gnoll
             ... wielding a +0 spear
              (11 damage)
             ... on level 2 of the Dungeon.
             The game lasted 00:02:27 (2165 turns).

Hugehornet the Insei (Octopode Transmuter)          Turns: 2165, Time: 00:02:28

Health: -1/28      AC:  1    Str:  7 (9)  XL:     4   Next: 34%
Magic:  7/8        EV: 13    Int: 14 (16) God:
Gold:   88         SH:  0    Dex: 12      Spells: 2/8 levels left

rFire    . . .     SeeInvis .     - Unarmed
rCold    . . .     Gourm    .   (no shield)
rNeg     . . .     Faith    .   (helmet restricted)
rPois    .         Spirit   .   (no amulet)
rElec    .         Reflect  .   i - ring of protection from magic
rCorr    .         Harm     .   (no ring)
MR       +....                  (no ring)
Stlth    ++........             (no ring)
HPRegen  0.09/turn              (no ring)
MPRegen  0.11/turn              (no ring)
                                (no ring)
                                (no ring)

@: appendage
A: almost no armour, stealthy swim, amphibious, 8 rings, constrict 8, tentacle
spike 3, camouflage 1, gelatinous body 1
a: End Transformation


You were on level 2 of the Dungeon.
You were not hungry.
One of your tentacles had a temporary spike.
You visited 1 branch of the dungeon, and saw 2 of its levels.

You collected 88 gold pieces.

Inventory:

Missiles
 a - 47 arrows
Jewellery
 i - a ring of protection from magic (left tentacle)
Scrolls
 b - 2 scrolls of remove curse {unknown}
 e - a scroll of amnesia {unknown}
 g - 2 scrolls of teleportation {unknown}
 j - a scroll of fear {unknown}
 k - 3 scrolls of identify {unknown}
 n - 2 scrolls of magic mapping {unknown}
Potions
 f - a potion of might {unknown}
 h - a potion of berserk rage {unknown}
 l - a potion of curing {unknown}
 m - a potion of invisibility {unknown}
Comestibles
 c - 5 rations
 d - 3 chunks of flesh


   Skills:
 - Level 1.0 Fighting
 - Level 2.0 Dodging
 + Level 3.3 Unarmed Combat
 + Level 2.7 Spellcasting
 - Level 3.0 Transmutations
 * Level 2.1 Poison Magic


You had 2 spell levels left.
You knew the following spells:

 Your Spells              Type           Power        Failure   Level  Hunger
a - Beastly Appendage     Tmut           ##....       6%          1    #......
b - Sticks to Snakes      Tmut           ##......     10%         2    ###....
c - Spider Form           Tmut/Pois      #.........   22%         3    ###....

Your spell library contained the following spells:

 Spells                   Type           Power        Failure   Level  Hunger
 Ice Form                 Ice/Tmut       #.......     75%         4    #####..
 Blade Hands              Tmut           ##........   87%         5    ######.


Dungeon Overview and Level Annotations

Branches:
Dungeon (2/15)

Altars:
Xom


Innate Abilities, Weirdness & Mutations

You cannot wear most types of armour.
You are very stealthy in the water. (Stealth+)
You are amphibious.
You can wear up to eight rings at the same time.
You can use your tentacles to constrict eight enemies at once.
Your skin changes colour to match your surroundings (Stealth+).
Your rubbery body absorbs attacks. (AC +1, EV +1)
One of your tentacles bears a large vicious spike.


Message History

Casting: Beastly Appendage (safe; 6% risk of failure)
Confirm with . or Enter, or press ? or * to list all spells.
One of your tentacles grows a vicious spike.
A gnoll comes into view. It is wielding a +0 spear.
The gnoll shouts! x2
The gnoll hits you from afar with a +0 spear.
You hear a shout! x2
The gnoll hits you with a +0 spear.
A gnoll comes into view. It is wielding a +0 club.
You tentacle-slap the gnoll but do no damage.
Your grab misses the gnoll. The gnoll hits you with a +0 spear.
You closely miss the gnoll. Your grab misses the gnoll.
The gnoll hits you with a +0 spear.
You are too injured to fight recklessly!
You are too injured to fight recklessly!
You barely miss the gnoll. You grab the gnoll. You squeeze the gnoll.
The gnoll is moderately wounded.
You constrict the gnoll, but do no damage.
The gnoll hits you with a +0 spear!
You die... ### #gg

#w# #g#
#@#
#.#######
#.......#
#######.#
#.# #.#
### #.#
..#
#######.#
#.#
#.......#
#.#


You could see 3 gnolls and a dart slug.

Vanquished Creatures
  3 adders (D:2)
  2 dart slugs
  A ball python (D:2)
  2 bats
  4 giant cockroaches
  6 goblins
  9 hobgoblins
  2 jackals (D:1)
  A quokka (D:2)
  5 frilled lizards (D:1)
  3 kobolds
  7 rats
45 creatures vanquished.

Notes
Turn   | Place    | Note
-------+----------+-------------------------------------------
     0 | D:1      | Hugehornet the Octopode Transmuter began the quest for the
                  | Orb.
     0 | D:1      | Reached XP level 1. HP: 13/13 MP: 3/3
   388 | D:1      | Reached XP level 2. HP: 17/18 MP: 3/5
   804 | D:1      | Reached XP level 3. HP: 18/23 MP: 4/6
   808 | D:1      | Learned a level 2 spell: Sticks to Snakes
   812 | D:1      | Learned a level 3 spell: Spider Form
  1519 | D:2      | Reached skill level 1 in Poison Magic
  1524 | D:2      | HP: 1/23 [poisoned by an adder]
  1693 | D:2      | Reached XP level 4. HP: 19/28 MP: 5/8
  1856 | D:2      | Found a shimmering altar of Xom.
  2165 | D:2      | Slain by a gnoll

Levels and vault maps discovered:
D:1:      kennysheep_arrival_forest, layout_basic, minmay_unequal
D:2:      layout_basic, lemuel_doored_altar

Skill      XL: |  1  2  3  4 |
---------------+-------------+-----
Transmutations | 3 |  3.0
Poison Magic   | 1 2 |  2.1
Fighting       | |  1.0
Dodging        | |  2.0
Unarmed Combat | |  3.3
Spellcasting   | |  2.7

Action                   |  1- 3 |  4- 6 || total
-------------------------+-------+-------++-------
Melee: Unarmed           |    93 |    19 ||   112
       Kick              |    18 |     4 ||    22
       Constrict         |    20 |     6 ||    26
       Tentacles         |    15 |     3 ||    18
       Punch             |     3 |     1 ||     4
 Cast: Beastly Appendage |    24 |     6 ||    30
  Use: Potion            |     2 |       ||     2
 Stab: Sleeping          |     5 |       ||     5
  Eat: Chunk             |     2 |     2 ||     4
Armor: Skin              |     7 |     1 ||     8
Dodge: Dodged            |    51 |     7 ||    58
